 Dungeon Crawl Stone Soup version 0.19.0-19-g8c6edcc (webtiles) character file.

64990 qqqbard the Basher (level 14, -5/129 HPs)
             Began as a Deep Dwarf Fighter on Nov 12, 2016.
             Was the Champion of Makhleb.
             Slain by a spriggan rider
             ... wielding a +0 spear
              (55 damage)
             ... on level 6 of the Lair of Beasts.
             The game lasted 00:50:19 (18767 turns).

qqqbard the Basher (Deep Dwarf Fighter)            Turns: 18767, Time: 00:50:20

Health: -5/129     AC: 27    Str: 25    XL:     14   Next: 73%
Magic:  7/7        EV: 13    Int:  9    God:    Makhleb [******]
Gold:   1377       SH: 18    Dex: 12    Spells: 0 memorised, 13 levels left

rFire  . . .     SeeInvis .     b - +1 flail (crush)
rCold  + . .     Gourm    .     F - +3 chain mail {rC+}
rNeg   + + .     Faith    .     c - +0 shield
rPois  +         Spirit   .     O - +2 helmet of the First Snow {*Contam rPois rC- Stlth+}
rElec  +         Reflect  +     U - +0 cloak
rCorr  .         Harm     .     G - +0 pair of gloves
MR     +++..                    H - +0 pair of boots
Stlth  ..........               X - amulet "Fotysh" {Reflect rElec rN+ MR+ SH+5}
                                n - ring of protection from cold
                                m - +4 ring of protection

@: non-regenerating
A: damage resistance, recharge devices, negative energy resistance 1, sense
surroundings 2, slow regeneration 3
a: Device Recharging, Minor Destruction, Lesser Servant of Makhleb, Major
Destruction, Greater Servant of Makhleb, Renounce Religion


You were on level 6 of the Lair of Beasts.
You worshipped Makhleb.
Makhleb was exalted by your worship.
You were hungry.

You visited 3 branches of the dungeon, and saw 22 of its levels.

You collected 1587 gold pieces.
You spent 210 gold pieces at shops.

Inventory:

Hand Weapons
 b - a +1 flail of crushing (weapon)
 y - a +0 mace of crushing
 E - a +0 flail of holy wrath
Armour
 c - a +0 shield (worn)
 F - a +3 chain mail of cold resistance (worn)
 G - a +0 pair of gloves (worn)
 H - a +0 pair of boots (worn)
 O - the +2 helmet of the First Snow (worn) {*Contam rPois rC- Stlth+}
   (You found it on level 10 of the Dungeon)

   It makes you vulnerable to cold.
   It protects you from poison.
   It causes magical contamination when unequipped.
   It makes you more stealthy.
 U - a +0 cloak (worn)
Jewellery
 m - a +4 ring of protection (left hand)
 n - a ring of protection from cold (right hand)
 B - an uncursed ring of positive energy
 J - an uncursed ring of flight
 P - the amulet "Keoralutz" {+Fly MR- Regen+ MP+9 Str+6}
   (You found it on level 1 of the Lair of Beasts)

   [amulet of regeneration]

   It affects your strength (+6).
   It affects your resistance to hostile enchantments.
   It affects your magic capacity (+9).
   It lets you fly.
   It increases your rate of regeneration.
 V - an uncursed ring of protection from fire
 X - the amulet "Fotysh" (around neck) {Reflect rElec rN+ MR+ SH+5}
   (You found it on level 13 of the Dungeon)

   [amulet of reflection]

   It shields you and reflects attacks.
   It insulates you from electricity.
   It protects you from negative energy.
   It affects your resistance to hostile enchantments.
   It affects your SH (+5).
Wands
 e - a wand of heal wounds (4/9)
 v - a wand of hasting (4/9)
 N - a wand of confusion (3/48)
 R - a wand of flame (0/48)
Scrolls
 h - a scroll of summoning
 i - 7 scrolls of remove curse
 o - 6 scrolls of fog
 s - 5 scrolls of teleportation
 w - a scroll of recharging
 A - 5 scrolls of enchant weapon
 D - 4 scrolls of enchant armour
 I - 3 scrolls of magic mapping
 Q - a scroll of amnesia
 T - a scroll of holy word
 Z - 2 scrolls of brand weapon
Potions
 d - 4 potions of might
 k - a potion of cancellation
 p - a potion of cure mutation
 q - 5 potions of curing
 r - a potion of berserk rage
 t - 2 potions of haste
 u - a potion of magic
 x - 5 potions of mutation
 K - 3 potions of heal wounds
 L - 2 potions of invisibility
 M - a potion of agility
 S - a potion of lignification
 Y - a potion of flight
Books
 W - a book of Alchemy

   Spells                             Type                      Level
   a - Sublimation of Blood           Necromancy                   2
   b - Ignite Poison                  Fire/Transmutation/Poison    3
   c - Petrify                        Transmutation/Earth          4
   d - Alistair's Intoxication        Transmutation/Poison         5
   e - Irradiate                      Conjuration/Transmutation    5
Comestibles
 a - 5 slices of pizza
 f - 8 bread rations
 g - 4 chunks of flesh
 j - 11 meat rations
 l - 14 fruits
 z - 5 beef jerkies
 C - 25 royal jellies


   Skills:
 + Level 9.1 Fighting
 * Level 13.5 Maces & Flails
 + Level 11.0 Armour
 + Level 10.2 Dodging
 + Level 11.3 Shields
 + Level 10.4 Invocations
 + Level 12.6 Evocations


You had 13 spell levels left.
You didn't know any spells.

Dungeon Overview and Level Annotations

Branches:
Dungeon (15/15)            Temple (1/1) D:6            Lair (6/6) D:8
  Swamp (0/4) Lair:4        Snake (0/4) Lair:3        Slime (0/5) Lair:5
    Orc (0/2) D:10         Vaults (0/5) D:14         Depths (0/5) D:15

Altars:
Ashenzari
Cheibriados
Dithmenos
Elyvilon
Fedhas
Gozag
Hepliaklqana
Kikubaaqudgha
Makhleb
Nemelex Xobeh
Okawaru
Qazlal
Ru
Sif Muna
Trog
Uskayaw
Vehumet
Xom
Yredelemnul
Zin
The Shining One
Jiyva

Shops:
D:4 *   D:5 ?   D:10 (

Annotations:
Lair:1 exclusion: oklob plant


Innate Abilities, Weirdness & Mutations

You are resistant to damage.
You can recharge devices by infusing magical energy.
You resist negative energy. (rN+)
You passively map the area around you.
You do not regenerate.


Message History

The yak is severely wounded.
The yak gores you.
The spriggan rider hits you but does no damage.
You hit the yak but do no damage.
The yak is severely wounded.
You block the spriggan rider's attack. The yak closely misses you.
The boggart gestures wildly while chanting.
You sock the yak!
You kill the yak!
The yak's corpse dissolves into shadows!
The spriggan rider hits you but does no damage.
A wolf comes into view.
A komodo dragon comes into view.
The komodo dragon hisses angrily.
The dream sheep bleats!
The wolf howls!
You block the dream sheep's attack.
The dream sheep are wreathed in dream dust.
You feel drowsy...
You fall asleep.
The spriggan rider hits you with a spear!!!
You wake up.
You die...

* ** * * ,, * , ....... #........
#......... , ####### ##.........
, ##.##..## ####..........,
###.......###.##..........,
#...........##@#.)........,,,..
##.........P.YgYi.Y........ ,,..
#.........(P..............., ...
##.............Y................
##.....##.#...)...P..h...........
#.........l....(...P...........#.
.................(.....P....#....
...................(...#S........
.P.....................#.h...(...


You could see a spriggan rider, a komodo dragon, a wolf, 4 dream sheep and a
boggart.

Vanquished Creatures
  A fire dragon (D:15)
  A hell beast (D:11)
  8 hydras
  An ice dragon (D:15)
  A catoblepas (D:15)
  The ghost of lukano the Fighter, a journeyman VSFi of the Shining One (D:13)
  Erica (D:9)
  A centaur warrior (D:15)
  2 dancing weapons (D:14)
  Urug (Lair:3)
  3 unseen horrors
  An orange crystal statue (D:13)
  Pikel (D:7)
  3 hill giants
  13 ugly things (D:15)
  3 cyclopes
  A manticore (D:14)
  4 elephants (Lair:4)
  6 black mambas
  2 gargoyles (D:15)
  2 rime drakes
  10 spiny frogs
  An efreet (D:14)
  Joseph (D:7)
  5 komodo dragons
  A yaktaur (shapeshifter) (D:15)
  2 queen bees
  A harpy zombie (D:15)
  A red devil (D:11)
  A troll (shapeshifter) (D:15)
  2 trolls
  3 meliai (D:13)
  2 hornets (Lair:6)
  2 polar bears (Lair:5)
  A two-headed ogre (D:13)
  9 blink frogs
  10 dream sheep
  11 slime creatures (D:15)
  10 hippogriffs
  2 redbacks
  The ghost of face the Covered, an amateur VSFi (D:6)
  3 shadows
  6 spriggans (Lair:6)
  Eustachio (D:6)
  17 yaks
  6 wyverns
  A basilisk (Lair:6)
  A steam dragon (D:7)
  Grum (D:11)
  7 vampire mosquitoes
  Menkaure (D:6)
  2 hungry ghosts
  Edmund (D:6)
  A porcupine (Lair:3)
  5 sky beasts
  6 orc warriors
  13 water moccasins
  3 black bears
  4 ice beasts
  3 necrophages
  5 ogres
  A phantom (D:7)
  20 wolves
  A boggart (Lair:6)
  10 centaurs
  10 crocodiles
  4 big kobolds
  14 bullfrogs
  4 scorpions
  46 killer bees
  7 wights
  3 howler monkeys (D:10)
  5 electric eels
  2 crimson imps
  6 centaur zombies
  A bullfrog zombie (D:10)
  2 quasits (D:9)
  8 orc priests
  7 hounds
  4 jellies
  2 bullfrog skeletons
  5 centaur skeletons
  An iron imp (D:11)
  Natasha (thrice) (D:4)
  4 iguanas
  10 orc wizards
  7 worker ants
  A hound zombie (D:5)
  Robin (D:2)
  13 adders
  4 gnolls (D:2)
  4 shadow imps
  An ooze (D:3)
  An adder skeleton (D:7)
  A worm (D:4)
  11 leopard geckos
  41 orcs
  6 giant cockroaches
  15 goblins
  12 hobgoblins
  6 jackals
  26 kobolds
  6 quokkas
  A ball python (D:2)
  5 bats
  2 frilled lizards
  A leopard gecko skeleton (D:4)
  A quokka skeleton (D:5)
  4 rats
  A fungus (Lair:1)
571 creatures vanquished.

Vanquished Creatures (others)
  Duvessa (D:7)
  A slave (D:7)
  3 centaurs
  Dowan (D:7)
  An orc wizard (D:7)
  12 fungi
19 creatures vanquished.

Grand Total: 590 creatures vanquished

Notes
Turn   | Place    | Note
-------+----------+-------------------------------------------
     0 | D:1      | qqqbard the Deep Dwarf Fighter began the quest for the Orb.
     0 | D:1      | Reached XP level 1. HP: 20/20 MP: 1/1
    74 | D:1      | Reached skill level 1 in Evocations
   128 | D:1      | Reached XP level 2. HP: 20/27 MP: 2/2
   494 | D:1      | Reached skill level 1 in Dodging
   494 | D:1      | Reached XP level 3. HP: 13/33 MP: 3/3
   812 | D:2      | Reached XP level 4. HP: 16/40 MP: 5/5
  1097 | D:2      | Reached skill level 3 in Maces & Flails
  1239 | D:2      | Noticed Robin
  1269 | D:2      | Killed Robin
  1321 | D:2      | Reached XP level 5. HP: 16/49 MP: 7/7
  1595 | D:2      | Found an iron altar of Okawaru.
  2021 | D:3      | You fall through a shaft!
  2027 | D:4      | Found Zocie's Assorted Antiques.
  2118 | D:4      | Noticed Natasha
  2129 | D:4      | Killed Natasha
  2185 | D:4      | Found a white marble altar of Elyvilon.
  2371 | D:4      | Noticed Natasha
  2392 | D:4      | Killed Natasha
  2452 | D:4      | Noticed Natasha
  2456 | D:4      | Killed Natasha
  2456 | D:4      | Reached XP level 6. HP: 40/56 MP: 8/8
  2606 | D:4      | Reached skill level 4 in Maces & Flails
  2702 | D:4      | Found a sacrificial altar of Ru.
  2787 | D:5      | Entered Level 5 of the Dungeon
  3165 | D:5      | Reached XP level 7. HP: 37/62 MP: 7/9
  3184 | D:5      | Found Faguon's Magic Scroll Shop.
  3198 | D:5      | Bought a scroll of enchant armour for 105 gold pieces
  3198 | D:5      | Bought a scroll of enchant weapon for 105 gold pieces
  3599 | D:6      | Found a staircase to the Ecumenical Temple.
  3616 | Temple   | Entered the Ecumenical Temple
  3749 | Temple   | Became a worshipper of Makhleb the Destroyer
  3803 | D:6      | Noticed Menkaure
  3809 | D:6      | Killed Menkaure
  3809 | D:6      | Reached skill level 5 in Maces & Flails
  3824 | D:6      | Noticed a wyvern
  3833 | D:6      | Killed a wyvern
  3833 | D:6      | Reached skill level 5 in Shields
  3835 | D:6      | Noticed face's ghost (amateur VSFi)
  3870 | D:6      | Noticed Edmund
  3870 | D:6      | Killed face's ghost
  3870 | D:6      | Reached skill level 5 in Armour
  3870 | D:6      | Reached XP level 8. HP: 40/72 MP: 9/9
  3887 | D:6      | Reached skill level 5 in Evocations
  3908 | D:6      | Killed Edmund
  4157 | D:6      | Found a shimmering altar of Xom.
  4158 | D:6      | Found a shimmering altar of Xom.
  4167 | D:6      | Found a shimmering altar of Xom.
  4244 | D:6      | Noticed Eustachio
  4383 | D:6      | Killed Eustachio
  4383 | D:6      | Reached skill level 6 in Maces & Flails
  4728 | D:7      | Noticed Joseph
  4757 | D:7      | Killed Joseph
  4757 | D:7      | Gained mutation: You passively map the area around you. [Deep Dwarf growth]
  4757 | D:7      | Reached XP level 9. HP: 17/79 MP: 9/9
  4860 | D:7      | Noticed Dowan
  4862 | D:7      | Noticed Pikel
  4863 | D:7      | Noticed Duvessa
  4916 | D:7      | Killed Pikel
  4916 | D:7      | Reached skill level 5 in Fighting
  4916 | D:7      | Reached skill level 7 in Maces & Flails
  4916 | D:7      | Reached skill level 5 in Dodging
  4925 | D:7      | Killed Dowan
  4929 | D:7      | Killed Duvessa
  4977 | D:7      | Noticed a four-headed hydra
  5027 | D:7      | Killed a four-headed hydra
  5199 | D:7      | Reached skill level 8 in Maces & Flails
  5281 | D:7      | Found a blossoming altar of Fedhas.
  5336 | D:7      | Reached XP level 10. HP: 49/88 MP: 7/7
  5439 | D:7      | Reached * piety under Makhleb
  5896 | D:8      | Reached ** piety under Makhleb
  6236 | D:8      | Found a staircase to the Lair.
  6792 | D:9      | Found a sparkling altar of Nemelex Xobeh.
  6823 | D:9      | Noticed Erica
  6828 | D:9      | Reached *** piety under Makhleb
  6862 | D:9      | Killed Erica
  6862 | D:9      | Reached skill level 9 in Maces & Flails
  7024 | D:9      | Found a basalt altar of Yredelemnul.
  7277 | D:9      | Reached XP level 11. HP: 61/98 MP: 8/8
  7330 | D:10     | Entered Level 10 of the Dungeon
  7366 | D:10     | Found a staircase to the Orcish Mines.
  7512 | D:10     | Got a crude helmet
  7523 | D:10     | Identified the +2 helmet of the First Snow {*Contam rPois rC- Stlth+} (You found it on level 10 of the Dungeon)
  7538 | D:10     | Found Rim Uvurr's Weapon Shop.
  7660 | D:10     | Killed an unseen horror
  7660 | D:10     | Reached skill level 1 in Invocations
  7703 | D:10     | Reached **** piety under Makhleb
  8262 | D:10     | Killed an unseen horror
  8262 | D:10     | Reached skill level 10 in Maces & Flails
  8547 | D:11     | Noticed a hell beast
  8547 | D:11     | Found an ancient bone altar of Kikubaaqudgha.
  8564 | D:11     | Reached ***** piety under Makhleb
  8860 | D:11     | Killed a hell beast
  8912 | D:11     | Noticed a six-headed hydra
  8926 | D:11     | Killed a six-headed hydra
  9030 | D:11     | Reached skill level 5 in Invocations
  9127 | D:11     | Noticed a hill giant
  9135 | D:11     | Killed a hill giant
  9147 | D:11     | Noticed Grum
  9173 | D:11     | Reached XP level 12. HP: 61/109 MP: 9/9
  9176 | D:11     | Killed Grum
  9627 | D:12     | Found a shadowy altar of Dithmenos.
 10390 | D:13     | Reached skill level 10 in Evocations
 10437 | D:13     | Got a shimmering graven amulet
 10440 | D:13     | Identified the amulet "Fotysh" {Reflect rElec rN+ MR+ SH+5} (You found it on level 13 of the Dungeon)
 10453 | D:13     | Noticed lukano's ghost (journeyman VSFi)
 10470 | D:13     | Killed lukano's ghost
 10470 | D:13     | Reached skill level 11 in Maces & Flails
 10582 | D:13     | Noticed a centaur warrior
 10839 | D:13     | Found a hazy altar of Hepliaklqana.
 11318 | D:14     | Found a gate to the Vaults.
 11402 | D:14     | Noticed an eight-headed hydra
 11417 | D:14     | Killed an eight-headed hydra
 11680 | D:14     | Reached XP level 13. HP: 82/116 MP: 8/8
 11864 | D:15     | Entered Level 15 of the Dungeon
 11941 | D:15     | Reached ****** piety under Makhleb
 11981 | D:15     | Reached skill level 10 in Shields
 12072 | D:15     | Found a white marble altar of Elyvilon.
 12156 | D:15     | Reached skill level 12 in Maces & Flails
 12629 | D:15     | Reached skill level 10 in Armour
 12831 | D:15     | Noticed a fire dragon
 12834 | D:15     | Found a staircase to the Depths.
 12854 | D:15     | Killed a fire dragon
 13293 | Lair:1   | Entered Level 1 of the Lair of Beasts
 13314 | Lair:1   | Got a coiled zirconium amulet
 13330 | Lair:1   | Identified the amulet "Keoralutz" {+Fly MR- Regen+ MP+9 Str+6} (You found it on level 1 of the Lair of Beasts)
 14608 | Lair:2   | Gained mutation: You resist negative energy. (rN+) [Deep Dwarf growth]
 14608 | Lair:2   | Reached XP level 14. HP: 111/127 MP: 6/6
 15691 | Lair:3   | Found a staircase to the Snake Pit.
 15822 | Lair:3   | Reached skill level 13 in Maces & Flails
 15881 | Lair:3   | Noticed Urug
 15901 | Lair:3   | Killed Urug
 16554 | Lair:4   | Got a blackened chain mail
 16565 | Lair:4   | Identified the cursed +0 chain mail "Bicito" {+Blink MR++ Regen+ Str-2} (You found it on level 4 of the Lair of Beasts)
 16661 | Lair:4   | Reached skill level 10 in Dodging
 16686 | Lair:4   | Found a staircase to the Swamp.
 17751 | Lair:5   | Found a viscous altar of Jiyva.
 17751 | Lair:5   | Found a staircase to the Slime Pits.
 17907 | Lair:6   | Entered Level 6 of the Lair of Beasts
 18022 | Lair:6   | Reached skill level 10 in Invocations
 18767 | Lair:6   | Slain by a spriggan rider

Skill      XL: |  1  2  3  4  5  6  7  8  9 10 11 12 13 14 |
---------------+-------------------------------------------+-----
Evocations     | 1 2 3 4 6 7 8 9 10 11 12 | 12.6
Dodging        | 1 2 3 4 5 6 7 8 9 10 | 10.2
Fighting       | 3 4 5 6 7 8 9 |  9.1
Maces & Flails | 3 4 5 6 8 9 10 11 12 13 | 13.5
Armour         | 4 5 6 7 8 9 10 11 | 11.0
Shields        | 4 5 6 7 9 10 11 | 11.3
Invocations    | 5 7 9 10 | 10.4

Action                   |  1- 3 |  4- 6 |  7- 9 | 10-12 | 13-15 || total
-------------------------+-------+-------+-------+-------+-------++-------
Melee: Flail             |   124 |   301 |   474 |  1491 |  1554 ||  3944
Invok: Minor Destruction |       |       |       |    84 |     6 ||    90
 Abil: Device Recharging |       |     1 |     7 |     4 |     4 ||    16
       Evoke Flight      |       |       |       |     1 |       ||     1
Evoke: Wand              |     1 |     8 |    27 |    51 |    10 ||    97
  Use: Scroll            |       |     2 |     3 |    21 |    15 ||    41
       Potion            |       |       |       |     3 |     1 ||     4
 Stab: Invisible         |       |     1 |       |       |       ||     1
       Paralysed         |       |     1 |       |       |       ||     1
  Eat: Chunk             |       |     8 |    10 |    34 |    24 ||    76
Armor: Scale mail        |    56 |   105 |    34 |       |       ||   195
       Chain mail        |       |       |   277 |   914 |   572 ||  1763
Dodge: Dodged            |    45 |   126 |   189 |   658 |   526 ||  1544
Block: Shield            |    76 |   183 |   316 |  1139 |  1327 ||  3041
       Reflection        |       |       |       |    12 |    17 ||    29
